cohdb
Replays
Latest Replays
All Replays
Popular Replays
Top Player Replays
Match Explorer
How It Works
Community
CoH3 Stats
Reddit
Sign in to upload your games and track your stats! →
Sign in with Steam
Match 38041155
Unlisted
Match 38041155
Overview
Messages
Build Orders
End
Construct Infanterie Kompanie
Kettenkrad Recon Vehicle
Selects Breakthrough Battlegroup
Selects Assault Grenadiers
MG 42 Machine Gun Team
Grenadier Squad
Grenadier Squad
Construct Panzergrenadier Kompanie
251 Medium Carrier
Kettenkrad Recon Vehicle
Pak 40 Anti-tank Gun Team
Panzergrenadier Squad
Construct Luftwaffe Kompanie
Support Elements
Pak 40 Anti-tank Gun Team
251 Medium Carrier
Marder III M Tank Destroyer
Pioneer Squad
Jäger Squad
Pak 40 Anti-tank Gun Team
Selects 2.5-tonne Cargo Truck
Selects Blitzkrieg
SeppAllerberger
medievs
BIOHAZARD
Sauzer88
0
0
Comments
sign in to comment!
No comments posted yet!